 Dungeon Crawl Stone Soup version 0.32-a0-995-gb4a59205af (webtiles) character file.

Game seed: 2885142990904114673

89146 Aston the Fighter (level 15, -2/135 HPs)
             Began as a Mountain Dwarf Reaver on Apr 14, 2024.
             Was an Elder of Cheibriados.
             Slain by a skeletal warrior
             ... wielding a +0 halberd
              (15 damage)
             ... on level 15 of the Dungeon on Apr 22, 2024.
             The game lasted 02:54:06 (26644 turns).

Aston the Fighter (Mountain Dwarf Reaver)          Turns: 26644, Time: 02:54:14

Health: -2/135     AC: 18    Str: 23    XL:     15   Next: 48%
Magic:  18/22      EV:  8    Int: 28    God:    Cheibriados [****..]
Gold:   638        SH: 13    Dex: 20    Spells: 10/24 levels left

rFire   + . .        Q - +2 trident (freeze)
rCold   + + +        a - +0 kite shield
rNeg    . . .        A - +0 chain mail of the Seven Eyes {Will+ Regen+}
rPois   .            e - +0 helmet "Tuuk" {rC+ Will+}
rElec   .            W - +0 cloak {rF+}
rCorr   .            y - +1 pair of gloves "Duyho" {rC+ Int-3 Dex+3}
SInv    +            (no boots)
Will    +++..        o - amulet of regeneration Stlth
                     S - ring of protection from cold
HPRegen 2.02/turn    m - ring of see invisible
MPRegen 0.18/turn

%: no passive effects
@: very slow
A: runic magic, artefact enchanting
a: Renounce Religion, Bend Time, Temporal Distortion, Slouch


You were on level 15 of the Dungeon.
You worshipped Cheibriados.
Cheibriados was greatly pleased with you.
You visited 3 branches of the dungeon, and saw 22 of its levels.
You also visited: Sewer, Gauntlet and Volcano.

You collected 2331 gold pieces.
You spent 1693 gold pieces at shops.

Inventory:

Hand Weapons
 G - a +6 halberd of flaming
 N - a +2 dagger of venom
 Q - a +2 trident of freezing (weapon)
 T - a +2 sling of flaming
Missiles
 j - 27 poisoned darts (quivered)
 P - a curare-tipped dart
Armour
 a - a +0 kite shield (worn)
 e - the +0 helmet "Tuuk" (worn) {rC+ Will+}
   (You found it in a Gauntlet)

   rC+:       It protects you from cold.
   Will+:     It increases your willpower.
 h - a +3 scale mail of willpower
 v - the +1 leather armour of the Land of Plenty {rPois rC+ Dex+5}
   (You found it on level 3 of the Dungeon)

   Dex+5:     It affects your dexterity (+5).
   rC+:       It protects you from cold.
   rPois:     It protects you from poison.
 y - the +1 pair of gloves "Duyho" (worn) {rC+ Int-3 Dex+3}
   (You found it in a Gauntlet)

   Int-3:     It affects your intelligence (-3).
   Dex+3:     It affects your dexterity (+3).
   rC+:       It protects you from cold.
 A - the +0 chain mail of the Seven Eyes (worn) {Will+ Regen+}
   (You bought it in a shop on level 2 of the Dungeon)

   Will+:     It increases your willpower.
   Regen+:    It increases your rate of health regeneration.
 W - a +0 cloak of fire resistance (worn)
 Z - a +1 scale mail of fire resistance
Jewellery
 d - a +6 ring of intelligence
 m - a ring of see invisible (right hand)
 o - an amulet of regeneration (around neck)
 w - an amulet of reflection
 H - the ring "Qulaa" {*Slow rF+ rCorr Str+4 Dex+6}
   (You bought it in a shop on level 2 of the Dungeon)

   [ring of dexterity]

   Str+4:     It affects your strength (+4).
   Dex+6:     It affects your dexterity (+6).
   rF+:       It protects you from fire.
   rCorr:     It protects you from acid and corrosion.
   *Slow:     It may slow you when you take damage.
 S - a ring of protection from cold (left hand)
 V - a ring of protection from cold
Wands
 b - a wand of flame (15)
 l - a wand of polymorph (10)
 B - a wand of charming (15)
 D - a wand of mindburst (14)
 K - a wand of digging (20)
 R - a wand of roots (16)
Scrolls
 c - a scroll of revelation
 f - 10 scrolls of teleportation
 i - 2 scrolls of vulnerability
 F - 3 scrolls of fear
 I - 5 scrolls of fog
 M - 4 scrolls of poison
 Y - a scroll of silence
Potions
 g - 3 potions of resistance
 k - 2 potions of might
 n - 4 potions of enlightenment
 p - 2 potions of lignification
 q - 9 potions of curing
 x - a potion of attraction
 z - 5 potions of heal wounds
 C - a potion of brilliance
 E - 2 potions of ambrosia
 O - a potion of magic
 X - 3 potions of cancellation
Miscellaneous
 s - a sack of spiders
 J - a condenser vane
 L - a Gell's gravitambourine (2/2)
 U - a phantom mirror


   Skills:
 + Level 13.1 Fighting
 - Level 12.4 Polearms
 - Level 12.8 Armour
 - Level 1.3 Dodging
 + Level 12.1 Shields
 * Level 5.0 Spellcasting
 - Level 2.6 Conjurations
 + Level 8.7 Translocations
 - Level 6.0 Air Magic
 - Level 10.0 Invocations
 + Level 3.5 Evocations


You had 10 spell levels left.
You knew the following spells:

 Your Spells              Type           Power      Damage    Failure   Level
a - Kiss of Death         Conj/Necr      56%        2d9       9%          1
b - Momentum Strike       Conj/Tloc      78%        3d10      2%          2
c - Vhi's Electric Charg  Tloc/Air       96%        N/A       8%          4
d - Passage of Golubria   Tloc           54%        N/A       4%          4
e - Teleport Other        Tloc           54%        N/A       1%          3

Your spell library contained the following spells:

 Spells                   Type           Power      Damage    Failure   Level
 Lesser Beckoning         Tloc           100%       N/A       1%          2
 Maxwell's Portable Pile  Tloc           54%        2d(10-29) 1%          3
 Mercury Vapours          Alch/Air       46%        N/A       7%          2
 Foxfire                  Conj/Fire      56%        2x1d6     9%          1
 Sting                    Conj/Alch      56%        1d6       9%          1
 Cigotuvi's Dreadful Rot  Necr/Alch/Air  36%        N/A       11%         2
 Sandblast                Erth           14%        2d6       16%         1
 Slow                     Hex            28%        N/A       16%         1
 Hailstorm                Conj/Ice       14%        3d6       26%         3
 Stone Arrow              Conj/Erth      28%        3d8       26%         3
 Confusing Touch          Hex            7%         N/A       43%         3
 Inner Flame              Hex/Fire       7%         N/A       43%         3
 Sigil of Binding         Hex            7%         N/A       43%         3
 Summon Ice Beast         Ice/Summ       7%         N/A       43%         3
 Vampiric Draining        Necr           7%         2d6       43%         3
 Arcjolt                  Conj/Air       15%        1d25      58%         5
 Summon Forest            Summ/Tloc      15%        N/A       58%         5
 Brom's Barrelling Bould  Conj/Erth      14%        2d4       65%         4
 Silence                  Hex/Air        11%        N/A       77%         5
 Freezing Cloud           Conj/Ice/Air   11%        6-21      78%         5
 Animate Armour           Summ/Erth      14%        N/A       83%         4
 Dispel Undead            Necr           7%         3d8       83%         4
 Ignite Poison            Fire/Alch      7%         N/A       83%         4
 Olgreb's Toxic Radiance  Alch           7%         N/A       83%         4
 Sticky Flame             Fire/Alch      7%         2d4       83%         4
 Irradiate                Conj/Alch      7%         3d14      94%         5
 Summon Mana Viper        Hex/Summ       7%         N/A       99%         5
 Death Channel            Necr           3%         N/A       100%        6
 Plasma Beam              Fire/Air       11%        2x1d22    100%        6
 Sculpt Simulacrum        Ice/Alch       3%         N/A       100%        6
 Starburst                Conj/Fire      7%         6d4       100%        6
 Summon Cactus Giant      Summ           3%         N/A       100%        6
 Monstrous Menagerie      Summ           3%         N/A       100%        7
 Ignition                 Fire           3%         3d4       100%        8
 Lehudib's Crystal Spear  Conj/Erth      7%         10d3      100%        8


Dungeon Overview and Level Annotations

Branches:
Dungeon (15/15)            Temple (0/1) D:5            Lair (5/5) D:8
 Shoals (0/4) Lair:3        Snake (0/4) Lair:2        Slime (0/5) Lair:4
    Orc (2/2) D:12            Elf (0/3) Orc:2        Vaults (0/5) D:13
  Sewer (visited)         Volcano (visited)         Gauntlet (visited)
 Depths: D:15

Altars:
Ashenzari
Cheibriados
Elyvilon
Gozag
Hepliaklqana
Kikubaaqudgha
Qazlal
Ru
Trog
Vehumet
Wu Jian
Xom
Yredelemnul
Zin
The Shining One
Beogh
Jiyva

Shops:
D:2 [:=   Orc:2 *[**

Annotations:
D:4 1 runed translucent door, Crazy Yiuf
D:5 2 runed translucent doors, Domino's ghost, amateur MDFi
D:8 Killer Bees, 2 runed translucent doors
D:9 exclusions: door and upstairs
D:14 Roxanne
Lair:2 Gastronok
Lair:5 Rupert


Innate Abilities, Weirdness & Mutations

Your spellcasting is much less encumbered by armour.
You can use scrolls of enchantment on lesser artefacts.


Message History

The skeletal warrior is almost destroyed.
The skeletal warrior hits you from afar with a +0 halberd!
You hit the skeletal warrior.
The skeletal warrior is almost destroyed.
The skeletal warrior hits you with a +0 mace!
The skeletal warrior hits you from afar with a +0 halberd!
You hit the skeletal warrior. You freeze the skeletal warrior.
You destroy the skeletal warrior!
Cheibriados appreciates the change of pace.
You block the skeletal warrior's attack.
Your Spellcasting skill increases to level 5!
You puncture the sphinx zombie! You freeze the sphinx zombie.
The sphinx zombie is lightly damaged.
The sphinx zombie barely misses you.
The sphinx zombie hits you but does no damage. x2
The skeletal warrior hits you from afar with a +0 halberd!!
* * * LOW HITPOINT WARNING * * *
Unknown command.
The skeletal warrior attacks as it pursues you!
The skeletal warrior hits you from afar with a +0 halberd!
* * * LOW HITPOINT WARNING * * *
Unknown command.
Okay, then.
Unknown command.
Unknown command.
Casting: Vhi's Electric Charge (dangerous; 8% risk of failure)
Confirm with . or Enter, or press ? or * to list all spells.
Aiming: Passage of Golubria (mildly dangerous; 4% risk of failure)
Press: ? - help, Dir - move target The skeletal warrior barely misses you.
The sphinx zombie hits you.
* * * LOW HITPOINT WARNING * * *
You block the sphinx zombie's attack.
The sphinx zombie hits you but does no damage.
The skeletal warrior hits you from afar with a +0 halberd!
* * * LOW HITPOINT WARNING * * *
You block the sphinx zombie's attack. x2
The sphinx zombie hits you but does no damage.
The skeletal warrior hits you from afar with a +0 halberd!
You die...
Cheibriados appreciates the motionlessness of death.

#....# #.........[.[[..
#.##.###.########[#ß.ß#
#...^#............##)##
##......<..............
#...........##.#......
#...#######.#.........
#...## #.#..##.....
#....######..... .....
####.@^...##...# .....
#Z####....#.. #...< #z#
. .# <......)..#
$............
........P...z..
###.##......... #.
#.?......P . ?..Pß.ß...


You could see a skeletal warrior and a sphinx zombie.

Vanquished Creatures
  An orc warlord (Orc:2)
  A minotaur (Gauntlet)
  An ettin (Orc:1)
  6 hydras
  A boulder beetle (D:14)
  6 centaur warriors
  2 two-headed ogres
  3 tengu warriors
  3 orc high priests (Orc:2)
  2 deep elf knights (D:10)
  Amaemon (D:8)
  A skyshark (Lair:2)
  3 sixfirhies (Gauntlet)
  A skeletal warrior (D:15)
  2 arcanists (D:10)
  10 orc knights
  A flayed ghost (D:15)
  2 necromancers (D:13)
  3 obsidian bats (Orc:2)
  A lindwurm (Lair:5)
  2 harpies (Lair:3)
  4 orc sorcerers
  An ugly thing (D:10)
  Maurice (Orc:2)
  9 cyclopes
  3 salamanders (Volcano)
  A manticore (Lair:3)
  9 elephants
  A centaur zombie (D:14)
  An ice statue (Gauntlet)
  2 kobold blastminers (Orc:2)
  2 black mambas
  A gargoyle (D:11)
  2 torpor snails
  An orange demon (D:8)
  17 cane toads
  4 komodo dragons
  A freezing wraith (D:15)
  2 efreet
  5 kobold demonologists
  11 rime drakes
  A tengu conjurer (D:15)
  A redback zombie (D:14)
  6 trolls
  2 polar bears
  11 blink frogs
  A hornet (D:8)
  14 dream sheep
  A shadow (D:12)
  3 wraiths
  11 wyverns
  78 yaks
  8 basilisks
  A fire bat (Volcano)
  4 wargs
  8 vampire mosquitoes
  A steam dragon (D:7)
  15 water moccasins
  2 acid dragons
  2 hell hounds (Volcano)
  28 orc warriors
  An ice beast (D:7)
  4 black bears
  A sky beast (D:7)
  20 centaurs
  25 wolves
  An elephant zombie (Lair:5)
  3 ogres (Orc:1)
  A phantom (D:6)
  5 kobold brigands
  19 bullfrogs
  2 scorpions
  A gnoll sergeant (D:10)
  9 killer bees
  An electric eel (D:7)
  4 howler monkeys
  3 hounds
  5 jellies
  17 orc priests
  3 sleepcaps
  Terence (D:3)
  5 iguanas
  32 orc wizards
  6 hell rats
  13 adders
  15 gnolls
  3 river rats (Sewer)
  A shadow imp (D:7)
  A white imp (D:6)
  4 ufetubi
  A dart slug (D:4)
  5 ribbon worms
  66 orcs
  9 bats
  9 endoplasms
  2 giant cockroaches
  13 goblins
  8 hobgoblins
  5 jackals
  4 quokkas
  11 ball pythons
  9 frilled lizards
  10 kobolds
  9 rats
696 creatures vanquished.

Vanquished Creatures (collateral kills)
  An arcanist (D:13)
  An orc wizard (D:8)
  An orc (D:8)
3 creatures vanquished.

Vanquished Creatures (others)
  A troll (D:13)
  A yak (D:9)
  A jelly (D:7)
  An orc wizard (Orc:2)
  An orc (Orc:2)
5 creatures vanquished.

Grand Total: 704 creatures vanquished

Notes
Turn   | Place    | Note
-------+----------+-------------------------------------------
     0 | D:1      | Aston the Mountain Dwarf Reaver began the quest for the
                  | Orb.
     0 | D:1      | Reached XP level 1. HP: 17/17 MP: 3/3
   130 | D:1      | Reached XP level 2. HP: 24/24 MP: 4/4
   167 | D:1      | Found a faded altar of an unknown god.
   171 | D:1      | Prayed at the altar of an unknown god.
   171 | D:1      | Became a worshipper of Cheibriados the Contemplative
   171 | D:1      | Reached * piety under Cheibriados
   431 | D:1      | Reached ** piety under Cheibriados
   435 | D:1      | Learned a level 2 spell: Momentum Strike
   512 | D:1      | Reached XP level 3. HP: 29/29 MP: 5/5
   717 | D:2      | Reached skill level 1 in Invocations
   955 | D:2      | Found Kociwniq's Book Shop.
  1252 | D:2      | Found Cowkog's Jewellery Emporium.
  1472 | D:2      | Found Viock's Antique Armour Emporium.
  1647 | D:3      | Reached XP level 4. HP: 31/32 MP: 4/6
  1739 | D:3      | Reached *** piety under Cheibriados
  1825 | D:3      | Noticed Terence
  1848 | D:3      | Killed Terence
  1849 | D:3      | Reached skill level 5 in Polearms
  1955 | D:3      | Reached XP level 5. HP: 34/37 MP: 7/7
  2254 | D:3      | Identified the +1 leather armour of the Land of Plenty
                  | {rPois rC+ Dex+5}
  2284 | D:3      | Found an ancient bone altar of Kikubaaqudgha.
  2284 | D:3      | Found a shimmering altar of Xom.
  2284 | D:3      | Found a hazy altar of Hepliaklqana.
  2434 | D:4      | Found a runed translucent door.
  2435 | D:4      | Noticed Crazy Yiuf
  2746 | D:4      | Reached **** piety under Cheibriados
  2747 | D:4      | Reached XP level 6. HP: 48/48 MP: 8/8
  3004 | D:4      | Found a glowing silver altar of Zin.
  3287 | D:5      | Entered Level 5 of the Dungeon
  3386 | D:5      | Found a runed translucent door.
  3386 | D:5      | Found a bloodstained altar of Trog.
  3386 | D:5      | Noticed Domino's ghost (amateur MDFi)
  3478 | D:5      | Found a runed translucent door.
  3499 | D:5      | Found a white marble altar of Elyvilon.
  3514 | D:5      | Reached skill level 5 in Invocations
  3514 | D:5      | Reached XP level 7. HP: 27/44 MP: 4/10
  3630 | D:5      | Found a glowing drain.
  3639 | Sewer    | Entered a sewer
  3850 | D:5      | Found a staircase to the Ecumenical Temple.
  3850 | D:5      | Identified the +1 leather armour "Seok" {+Blink Fly}
  3885 | D:5      | Found a broken altar of Ashenzari.
  4310 | D:6      | Found an opulent altar of Gozag.
  4441 | D:6      | Reached XP level 8. HP: 60/61 MP: 12/12
  4778 | D:6      | Found a stormy altar of Qazlal.
  5376 | D:7      | Found a glowing golden altar of the Shining One.
  5378 | D:7      | Noticed an angel
  5429 | D:7      | Found a basalt altar of Yredelemnul.
  5431 | D:7      | Noticed a profane servitor
  5572 | D:7      | Reached skill level 10 in Polearms
  5790 | D:7      | Reached XP level 9. HP: 46/67 MP: 15/15
  5825 | D:7      | Upgraded the game from 0.32-a0-931-g5a2cda0630 to
                  | 0.32-a0-933-ga8fa3634e4
  5842 | D:8      | Reached ***** piety under Cheibriados
  5907 | D:8      | Found an ornate altar of the Wu Jian Council.
  6032 | D:8      | Noticed Amaemon
  6048 | D:8      | Found a staircase to the Lair.
  6234 | D:8      | Noticed a komodo dragon
  6243 | D:8      | Killed a komodo dragon
  6344 | D:8      | Found a sacrificial altar of Ru.
  6403 | D:8      | Found a large runed translucent door.
  6404 | D:8      | Found a large runed translucent door.
  6423 | D:8      | Found a large runed translucent door.
  6423 | D:8      | Found a large runed translucent door.
  6425 | D:8      | Noticed an efreet
  6512 | D:8      | Reached skill level 10 in Invocations
  6888 | D:8      | Reached skill level 1 in Armour
  6905 | D:8      | Reached skill level 3 in Fighting
  6997 | D:8      | Reached skill level 1 in Translocations
  7009 | D:8      | Reached XP level 10. HP: 77/77 MP: 17/17
  7021 | D:8      | Reached skill level 4 in Fighting
  7033 | D:8      | Noticed a cyclops
  7115 | D:9      | Reached skill level 5 in Fighting
  7260 | D:9      | Identified the +1 quarterstaff of Woe {spect, rElec}
  7483 | D:9      | Found a radiant altar of Vehumet.
  7584 | D:9      | Reached skill level 6 in Fighting
  7823 | D:9      | Reached skill level 7 in Fighting
  7857 | D:9      | Noticed a two-headed hydra
  7886 | D:9      | Killed a one-headed hydra
  8181 | D:10     | Entered Level 10 of the Dungeon
  8359 | D:10     | Reached skill level 5 in Armour
  8387 | D:10     | Reached XP level 11. HP: 79/94 MP: 18/18
  8446 | D:9      | Reached skill level 8 in Fighting
  8597 | D:10     | Noticed a deep elf knight
  8616 | D:10     | Killed a deep elf knight
  8654 | D:10     | Noticed an orc knight
  8676 | D:10     | Killed an orc knight
  9142 | D:10     | Reached skill level 9 in Fighting
  9273 | D:10     | Noticed a deep elf knight
  9388 | Lair:1   | Entered Level 1 of the Lair of Beasts
  9774 | Lair:1   | Reached skill level 1 in Air Magic
  9782 | Lair:1   | Reached skill level 1 in Shields
 10156 | Lair:1   | Reached skill level 10 in Fighting
 10160 | Lair:1   | Reached skill level 5 in Translocations
 10438 | Lair:1   | Upgraded the game from 0.32-a0-933-ga8fa3634e4 to
                  | 0.32-a0-938-g40ac7a0f4d
 10588 | Lair:2   | Reached XP level 12. HP: 106/106 MP: 19/19
 11272 | Lair:2   | Found a staircase to the Snake Pit.
 11439 | Lair:2   | Noticed Gastronok
 11541 | Lair:2   | Learned a level 4 spell: Vhi's Electric Charge
 11643 | Lair:2   | Reached skill level 5 in Shields
 11901 | Lair:2   | Reached ****** piety under Cheibriados
 12169 | Lair:3   | Found a staircase to the Shoals.
 12683 | Lair:3   | Reached XP level 13. HP: 80/113 MP: 20/20
 12810 | Lair:3   | Reached skill level 5 in Air Magic
 13232 | Lair:4   | Found a dark tunnel.
 13242 | Volcano  | Entered a volcano
 13311 | Volcano  | Upgraded the game from 0.32-a0-938-g40ac7a0f4d to
                  | 0.32-a0-975-g85d4e5bfdb
 13745 | Lair:4   | Found a staircase to the Slime Pits.
 13745 | Lair:4   | Found a viscous altar of Jiyva.
 13832 | Lair:4   | Reached skill level 10 in Armour
 14637 | Lair:5   | Entered Level 5 of the Lair of Beasts
 15667 | Lair:5   | Noticed Rupert
 16120 | D:10     | Reached XP level 14. HP: 87/122 MP: 12/21
 17355 | D:12     | Reached skill level 11 in Fighting
 18065 | D:12     | Reached skill level 10 in Shields
 18682 | D:12     | Found a staircase to the Orcish Mines.
 18730 | D:12     | Found a roughly hewn altar of Beogh.
 19222 | Orc:1    | Entered Level 1 of the Orcish Mines
 20011 | Orc:2    | Entered Level 2 of the Orcish Mines
 20041 | Orc:2    | Noticed Maurice
 20286 | D:2      | Bought the ring "Qulaa" {*Slow rF+ rCorr Str+4 Dex+6} for
                  | 584 gold pieces
 20286 | D:2      | Bought a ring of see invisible for 150 gold pieces
 20767 | Orc:2    | Killed Maurice
 20773 | Orc:2    | Noticed an orc warlord
 20801 | Orc:2    | Killed an orc warlord
 21046 | Orc:2    | Reached skill level 12 in Fighting
 21283 | Orc:2    | Found a staircase to the Elven Halls.
 21986 | Orc:2    | Found Epi Roax's Antique Armour Boutique.
 21986 | Orc:2    | Found Yxelie's General Store.
 21988 | Orc:2    | Found Haug's General Store.
 21988 | Orc:2    | Found Mausch's Assorted Antiques.
 22003 | Orc:2    | Bought a scroll labelled UGGEEH VOWNYSH for 31 gold pieces
 22003 | Orc:2    | Bought a scroll of identify for 62 gold pieces
 22007 | Orc:2    | Bought a scroll of fear for 52 gold pieces
 22016 | Orc:2    | Bought a scroll of identify for 26 gold pieces
 22386 | D:2      | Bought a book of the Moon for 560 gold pieces
 22393 | D:2      | Learned a level 4 spell: Passage of Golubria
 22466 | D:2      | Bought an encrusted chain mail for 228 gold pieces
 22466 | D:2      | Identified the +0 chain mail of the Seven Eyes {Will+
                  | Regen+} (You bought it in a shop on level 2 of the Dungeon)
 22622 | D:8      | Killed Amaemon
 22802 | D:8      | Learned a level 3 spell: Teleport Other
 23532 | D:13     | Reached XP level 15. HP: 125/134 MP: 19/22
 23586 | D:13     | Reached skill level 1 in Evocations
 23981 | D:13     | Found a gate to the Vaults.
 24154 | D:14     | Found a gate leading to a gauntlet.
 24160 | Gauntlet | Entered a Gauntlet
 24160 | Gauntlet | Found a transporter.
 24168 | Gauntlet | Found a transporter.
 24170 | Gauntlet | Found a transporter.
 24181 | Gauntlet | Found a transporter.
 24192 | Gauntlet | Found a transporter.
 24197 | Gauntlet | Found a transporter.
 24216 | Gauntlet | Found the +5 demon whip "Spellbinder" {antimagic, disrupt,
                  | Will+}
 24218 | Gauntlet | Found a transporter.
 24231 | Gauntlet | Found a transporter.
 24239 | Gauntlet | Found a large runed translucent door.
 24240 | Gauntlet | Found a large runed translucent door.
 24241 | Gauntlet | Found a large runed translucent door.
 24241 | Gauntlet | Found a large runed translucent door.
 24242 | Gauntlet | Found a runed translucent gate.
 24243 | Gauntlet | Found a transporter.
 24243 | Gauntlet | Found a runed translucent gate.
 24244 | Gauntlet | Found a runed translucent gate.
 24245 | Gauntlet | Found a large runed translucent door.
 24245 | Gauntlet | Found a large runed translucent door.
 24246 | Gauntlet | Found a large runed translucent door.
 24247 | Gauntlet | Found a large runed translucent door.
 24255 | Gauntlet | Found a transporter.
 24267 | Gauntlet | Found a transporter.
 24279 | Gauntlet | Found a transporter.
 24296 | Gauntlet | Found a transporter.
 24296 | Gauntlet | Found a transporter.
 24316 | Gauntlet | Found a transporter.
 24332 | Gauntlet | Found a large runed translucent door.
 24332 | Gauntlet | Found a large runed translucent door.
 24332 | Gauntlet | Found a runed translucent door.
 24332 | Gauntlet | Found a runed translucent door.
 24333 | Gauntlet | Found a large runed translucent door.
 24334 | Gauntlet | Found a large runed translucent door.
 24336 | Gauntlet | Found a transporter.
 24352 | Gauntlet | Found a large runed translucent door.
 24352 | Gauntlet | Found a large runed translucent door.
 24353 | Gauntlet | Found a large runed translucent door.
 24354 | Gauntlet | Found a large runed translucent door.
 24433 | Gauntlet | Found a transporter.
 24460 | Gauntlet | Found a transporter.
 24899 | Gauntlet | Upgraded the game from 0.32-a0-975-g85d4e5bfdb to
                  | 0.32-a0-995-gb4a59205af
 25069 | Gauntlet | Identified the +1 pair of gloves "Duyho" {rC+ Int-3 Dex+3}
 25320 | Gauntlet | Identified the +0 helmet "Tuuk" {rC+ Will+}
 25602 | D:14     | Noticed Roxanne
 26048 | D:14     | Found a basalt altar of Yredelemnul.
 26241 | D:15     | Entered Level 15 of the Dungeon
 26351 | D:15     | Reached skill level 13 in Fighting
 26641 | D:15     | Reached skill level 5 in Spellcasting
 26644 | D:15     | Slain by a skeletal warrior

Illustrated notes

Levels and vault maps discovered:
D:1:      matt_arrival_refuge, layout_rooms, ebering_ecumenical_altar_rust,
          minmay_split_cup_small
D:2:      layout_basic, serial_shops, nicolae_shop_statue_plus, shop,
          nicolae_square_shop
D:3:      layout_rooms, gammafunk_temple_overflow_claw,
          minmay_increasing_density, uniq_terence
D:4:      layout_loops_ring, kennysheep_mini_moat, grunt_tough_drop,
          uniq_crazy_yiuf_cottage
D:5:      layout_basic, mainiacjoe_overflow_boulevard,
          mainiacjoe_overflow_alcove_4, elyvilon_altar_3, temple_fountains,
          portal_sewer_entry_d, ebering_ghost_sewer_f
D:6:      layout_rooms, mainiacjoe_overflow_24_doors, grunt_gozag_breadcrumbs,
          minmay_misc_feat_chi
D:7:      layout_cave_pools, grunt_temple_overflow_holy_war,
          serial_column_ruins, column_ruins_hut, column_ruins_square_large,
          column_ruins_corridor_corner, column_ruins_grid_4,
          column_ruins_columns_water, column_ruins_corridor_straight,
          column_ruins_columns_corner, minivault_14, dk_vineyard_2,
          kennysheep_generic_room_16
D:8:      layout_basic, nicolae_ru_great_annihilating_truth,
          nicolae_wu_jian_wuxing_cycle, due_lair_maze_entry_diamond,
          minmay_hollow_rounded_squares, uniq_amaemon
D:9:      layout_roguey, mainiacjoe_overflow_alcove_1, grunt_decor_arrowhead,
          hangedman_ranch
D:10:     layout_irregular_city, sword_in_stone
D:11:     layout_irregular_city
D:12:     layout_cave_pods, minmay_orc_entry_temple_small
D:13:     layout_rooms, david_vaults_1, kennysheep_generic_room_5
D:14:     layout_long_grid, gauntlet_entry_generic,
          lemuel_zombie_altar_yredelemnul, uniq_roxanne
D:15:     gammafunk_depths_entry_grave, layout_rooms, dreamdust_princess_bridge,
          small_statue_intersection
Lair:1:   layout_roguey
Lair:2:   layout_cave_pods, dummy_snake_entry, uniq_gastronok
Lair:3:   layout_misc_corridors, nicolae_shoals_entry_roost, special_room
          [special_room_mythical_zoo]
Lair:4:   layout_cave_pods, nicolae_slime_entry_slimehenge,
          nicolae_volcano_entry_hallway
Lair:5:   due_jungle_book, layout_concentric_octagons,
          infiniplex_staircase_pool_2, uniq_rupert
Orc:1:    layout_caves
Orc:2:    grunt_orc_tribal_feast, layout_caves, uniq_maurice

Skill      XL: |  1  2  3  4  5  6  7  8  9 10 11 12 13 14 15 |
---------------+----------------------------------------------+-----
Polearms       | 4 5 6 7 8 10 12 | 12.4
Invocations    | 1 2 3 5 6 8 10 | 10.0
Armour         | 1 5 7 9 11 12 | 12.8
Fighting       | 3 7 10 12 13 | 13.1
Translocations | 1 3 5 6 8 |  8.7
Air Magic      | 2 4 6 |  6.0
Shields        | 3 6 9 11 12 | 12.1
Spellcasting   | 2 5 |  5.0
Evocations     | 3 |  3.5
Dodging        | |  1.3
Conjurations   | |  2.6

Action                     |  1- 3 |  4- 6 |  7- 9 | 10-12 | 13-15 || total
---------------------------+-------+-------+-------+-------+-------++-------
  Melee: Spear             |    65 |       |       |       |       ||    65
         Trident           |    66 |   238 |   417 |   934 |  1880 ||  3535
         Halberd           |       |       |       |    28 |       ||    28
         Falchion          |       |       |       |     4 |    26 ||    30
         Dagger            |       |       |       |       |     4 ||     4
  Throw: Dart              |       |     5 |    20 |     9 |     5 ||    39
   Cast: Kiss of Death     |     2 |     3 |     4 |     3 |       ||    12
         Momentum Strike   |       |       |     5 |     4 |     3 ||    12
         Vhi's Electric Ch |       |       |       |       |    52 ||    52
         Passage of Golubr |       |       |       |       |     4 ||     4
 Invoke: Slouch            |       |     1 |     5 |     3 |    19 ||    28
  Evoke: Wand              |       |       |     4 |     4 |    17 ||    25
    Use: Scroll            |       |     8 |     9 |     3 |    15 ||    35
         Potion            |       |       |     2 |     1 |     2 ||     5
   Stab: Invisible         |       |       |     1 |       |     5 ||     6
         Distracted        |       |       |     1 |       |       ||     1
         Paralysed         |       |       |     1 |       |       ||     1
 Armour: Leather armour    |    49 |    50 |    85 |       |       ||   184
         Scale mail        |       |    94 |   217 |   522 |   753 ||  1586
         Chain mail        |       |       |       |       |   527 ||   527
  Dodge: Dodged            |    53 |   107 |   172 |   221 |   498 ||  1051
  Block: Buckler           |       |       |    38 |    43 |       ||    81
         Kite shield       |       |       |       |   225 |  1200 ||  1425

Table legend: (Time is in decaauts)
 A = Elapsed time spent in this place.
 B = Non-inter-level travel time spent in this place.
 C = Inter-level travel time spent in this place.
 D = Time resting spent in this place.
 E = Time spent auto-exploring this place.
 F = Levels seen in this place.
 G = Mean time per level.
                   A        B        C        D        E       F      G
               +--------+--------+--------+--------+--------+-----+--------+
         Total |  40381 |  31882 |   8499 |   4002 |  12766 |  25 | 1615.2 |
       Dungeon |  24453 |  19198 |   5255 |   2458 |   9273 |  15 | 1630.2 |
          Lair |   9731 |   7474 |   2257 |    904 |   2410 |   5 | 1946.2 |
  Orcish Mines |   3528 |   2542 |    986 |    471 |    564 |   2 | 1764.0 |
         Sewer |    178 |    178 |      0 |     23 |      0 |   1 |  178.0 |
       Volcano |    426 |    426 |      0 |     69 |      0 |   1 |  426.0 |
      Gauntlet |   2064 |   2064 |      0 |     76 |    518 |   1 | 2064.0 |
               +--------+--------+--------+--------+--------+-----+--------+

Top non-repeatable levels by time:
    D:12: 3294 daAuts
  Lair:4: 2650 daAuts
     D:9: 2365 daAuts
  Lair:2: 2329 daAuts
     D:8: 2271 daAuts
    D:10: 2168 daAuts
   Orc:2: 2094 daAuts
Gauntlet: 2064 daAuts
  Lair:1: 2020 daAuts
    D:11: 1928 daAuts
     D:2: 1721 daAuts
  Lair:3: 1623 daAuts
    D:14: 1597 daAuts
     D:4: 1489 daAuts
     D:5: 1471 daAuts
